Map: New Repugnancy LE

Players

YeP

  • Race: Protoss Protoss
  • League: Diamond
  • Spawn Location: 1:00

Stirbend - Winner!

  • Race: Zerg Zerg
  • League: Diamond
  • Spawn Location: 7:00

VOD

Have the link to the VOD?

Description

test

Time

  • Played on: Feb. 11, 2019, 11:59 p.m.
  • Length: 7:43
Show
View Real Time Build Order
Export as new Build Order

YeP Protoss 

Build Orders: 1 Gate Expand 

Get SALT Encoding   

  12  0:00  Probe  
  13  0:12  Probe  
  14  0:19  Pylon  
  14  0:23  Probe  
  15  0:33  Probe  
  15  0:41  Probe  
  16  0:43  Gateway  
  17  0:53  Probe, Assimilator  
  18  1:21  Nexus  
  18  1:24  Probe  
  19  1:37  Cybernetics Core  
  19  1:38  Probe  
  20  1:47  Pylon  
  20  1:51  Assimilator  
  20  1:54  Probe  
  21  2:06  Probe  
  22  2:13  Gateway  
  22  2:15  Zealot  
  24  2:27  Twilight Council  
  24  2:32  Probe  
  24  2:33  Probe  
  26  2:43  Forge  
  26  2:46  Probe  
  26  2:49  Probe  
  27  2:51  Warp Gate  
  27  2:58  Probe x2  
  28  2:59  Charge  
  28  3:00  Protoss Ground Weapons Level 1  
  30  3:07  Probe  
  30  3:10  Probe  
  32  3:19  Probe, Stalker  
  35  3:35  Probe  
  35  3:39  Probe  
  37  3:47  Probe  
  38  3:51  Probe  
  38  3:53  Pylon  
  38  3:55  Pylon, Gateway  
  38  4:07  Probe x2  
  39  4:11  Assimilator  
  39  4:19  Probe  
  39  4:21  Probe  
  39  4:23  Robotics Facility  
  41  4:25  Assimilator  
  41  4:31  Probe  
  42  4:32  Gateway  
  42  4:35  Gateway  
  42  4:37  Protoss Ground Weapons Level 2  
  42  4:42  Zealot x2  
  46  4:51  Probe  
  46  4:52  Probe  
  48  4:58  Nexus  
  48  5:02  Pylon  
  48  5:09  Probe x2  
  48  5:11  Pylon  
  50  5:21  Probe x2, Immortal  
  56  5:29  Pylon  
  56  5:33  Probe x2  
  58  5:40  Pylon  
  58  5:41  Gateway  
  58  5:45  Probe x2  
  58  5:48  Stalker  
  62  5:50  Zealot  
  64  5:57  Probe  
  64  5:58  Probe  
  64  6:01  Assimilator  
  64  6:03  Zealot  
  68  6:05  Assimilator  
  68  6:07  Pylon  
  68  6:10  Probe  
  68  6:12  Probe  
  68  6:13  Probe  
  68  6:16  Immortal  
  71  6:18  Probe  
  71  6:24  Probe  
  77  6:28  Zealot  
  77  6:29  Zealot  
  78  6:33  Zealot  
  78  6:36  Zealot  
  78  6:38  Zealot  
  62  6:49  Probe x3  
  57  6:55  Zealot x2  
  57  6:57  Zealot  
  61  7:01  Probe x2  
  61  7:07  Zealot x2  
  56  7:15  Zealot  
  56  7:16  Zealot  
  57  7:29  Zealot x2  
  56  7:30  Zealot  
Show
View Real Time Build Order
Export as new Build Order

Stirbend Zerg - Winner!

Build Orders: Pool First 

Get SALT Encoding   

  12  0:03  Drone  
  13  0:12  Overlord  
  13  0:20  Drone  
  14  0:30  Drone  
  14  0:31  Drone  
  16  0:36  Drone  
  17  0:47  Spawning Pool  
  16  1:09  Hatchery  
  15  1:13  Drone  
  15  1:15  Extractor  
  15  1:16  Drone  
  16  1:20  Drone  
  17  1:34  Queen, Zergling x2  
  20  1:43  Overlord  
  21  1:47  Drone  
  21  1:56  Drone  
  22  2:12  Drone  
  23  2:17  Queen  
  25  2:24  Metabolic Boost  
  25  2:28  Drone x2  
  27  2:33  Drone x2  
  29  2:47  Hatchery  
  28  2:56  Queen  
  31  2:58  Drone  
  31  3:01  Drone  
  31  3:04  Drone  
  33  3:06  Drone  
  33  3:10  Pneumatized Carapace  
  34  3:15  Drone  
  34  3:17  Drone  
  36  3:29  Overlord x2  
  36  3:42  Lair  
  36  3:49  Drone x3  
  36  3:50  Drone x4  
  43  4:05  Roach Warren  
  43  4:08  Drone x4  
  43  4:09  Extractor  
  45  4:11  Drone x3  
  48  4:19  Overlord x2  
  48  4:38  Extractor  
  47  4:45  Glial Reconstitution  
  47  4:47  Roach x5  
  47  4:49  Zergling x6  
  47  4:50  Zergling x12  
  66  5:09  Overlord x2  
  66  5:10  Overlord x2  
  66  5:13  Overseer  
  66  5:15  Overseer  
  66  5:32  Roach  
  66  5:33  Roach x8  
  84  5:55  Drone  
  84  5:56  Drone x9  
  94  5:57  Hydralisk Den  
  93  6:12  Roach x2  
  93  6:14  Overlord  
  97  6:22  Overlord x2  
  97  6:31  Hatchery, Queen  
  92  6:42  Roach  
  92  6:43  Roach x7  
  92  6:58  Roach x8  
  108  7:05  Roach  
  106  7:16  Overseer  
  106  7:23  Drone  
  106  7:24  Drone x4  
  106  7:25  Spire  
  106  7:27  Extractor  
  101  7:40  Hatchery  
Tags
 
Add a new tag
Caveats
  • Supply blocks, unpowered buildings, or Contaminate may cause inaccurate times.
  • Supply counts are checked every 10 seconds.